Workbook

Sheet Como usar
B1: Conferência do mês: venda × maquininha × extrato
A3: 1 | B3: Em Parâmetros, preencha a tolerância, o nome da maquininha como aparece no extrato e as taxas do seu contrato.
A4: 2 | B4: Exporte os 3 relatórios do mês (caixa, maquininha, extrato) e cole cada um na sua aba, nas colunas em areia. Apague as linhas modelo.
A5: 3 | B5: Em Crédito por dia, digite o primeiro dia do mês na célula A2.
A6: 4 | B6: Filtre a coluna de status de cada aba por ❌ e ⚠️. Cada linha marcada tem um motivo: resolva ou anote o porquê antes de fechar o mês.
A7: 5 | B7: Preencha Lucro × caixa. Se não bate, a resposta está nas linhas marcadas.
B9: Células em areia: você preenche. Células brancas: fórmulas, não digite nelas.
B11: A conta de lucro × caixa é a conta rápida do fim do mês. Não substitui o contador.
B13: jpgestao.com/automacao-de-planilhas-e-conferencias

Sheet Vendas
A1: Data da venda | B1: Nº da venda | C1: Forma de pagamento | D1: Valor bruto | E1: Parcelas | F1: Código de autorização (do comprovante) | G1: Conferência (automática) | H1: Observação
A2: 46268 | B2: 1001 | C2: Crédito | D2: 250 | E2: 3 | F2: 845120 | G2: =IF(A2="","",IF(OR(C2="Crédito",C2="Débito"),IF(F2="","⚠️ falta o código de autorização",IF(COUNTIF(Maquininha!$B:$B,F2)=0,"❌ não está na maquininha",IF(ABS(SUMIFS(Maquininha!$D:$D,Maquininha!$B:$B,F2)-D2)>Parâmetros!$B$1,"⚠️ valor diferente","✅"))),IF(C2="Pix",IF(COUNTIFS(Extrato!$A:$A,A2,Extrato!$C:$C,D2)=0,"❌ Pix não achado no extrato","✅"),"—"))) -> ✅ | H2: modelo: apague esta linha
A3: 46268 | B3: 1002 | C3: Pix | D3: 120 | E3: 1 | G3: =IF(A3="","",IF(OR(C3="Crédito",C3="Débito"),IF(F3="","⚠️ falta o código de autorização",IF(COUNTIF(Maquininha!$B:$B,F3)=0,"❌ não está na maquininha",IF(ABS(SUMIFS(Maquininha!$D:$D,Maquininha!$B:$B,F3)-D3)>Parâmetros!$B$1,"⚠️ valor diferente","✅"))),IF(C3="Pix",IF(COUNTIFS(Extrato!$A:$A,A3,Extrato!$C:$C,D3)=0,"❌ Pix não achado no extrato","✅"),"—"))) -> ✅ | H3: modelo: apague esta linha
A4: 46268 | B4: 1003 | C4: Dinheiro | D4: 45 | E4: 1 | G4: =IF(A4="","",IF(OR(C4="Crédito",C4="Débito"),IF(F4="","⚠️ falta o código de autorização",IF(COUNTIF(Maquininha!$B:$B,F4)=0,"❌ não está na maquininha",IF(ABS(SUMIFS(Maquininha!$D:$D,Maquininha!$B:$B,F4)-D4)>Parâmetros!$B$1,"⚠️ valor diferente","✅"))),IF(C4="Pix",IF(COUNTIFS(Extrato!$A:$A,A4,Extrato!$C:$C,D4)=0,"❌ Pix não achado no extrato","✅"),"—"))) -> — | H4: modelo: apague esta linha
G5: =IF(A5="","",IF(OR(C5="Crédito",C5="Débito"),IF(F5="","⚠️ falta o código de autorização",IF(COUNTIF(Maquininha!$B:$B,F5)=0,"❌ não está na maquininha",IF(ABS(SUMIFS(Maquininha!$D:$D,Maquininha!$B:$B,F5)-D5)>Parâmetros!$B$1,"⚠️ valor diferente","✅"))),IF(C5="Pix",IF(COUNTIFS(Extrato!$A:$A,A5,Extrato!$C:$C,D5)=0,"❌ Pix não achado no extrato","✅"),"—")))
G6: =IF(A6="","",IF(OR(C6="Crédito",C6="Débito"),IF(F6="","⚠️ falta o código de autorização",IF(COUNTIF(Maquininha!$B:$B,F6)=0,"❌ não está na maquininha",IF(ABS(SUMIFS(Maquininha!$D:$D,Maquininha!$B:$B,F6)-D6)>Parâmetros!$B$1,"⚠️ valor diferente","✅"))),IF(C6="Pix",IF(COUNTIFS(Extrato!$A:$A,A6,Extrato!$C:$C,D6)=0,"❌ Pix não achado no extrato","✅"),"—")))
G7: =IF(A7="","",IF(OR(C7="Crédito",C7="Débito"),IF(F7="","⚠️ falta o código de autorização",IF(COUNTIF(Maquininha!$B:$B,F7)=0,"❌ não está na maquininha",IF(ABS(SUMIFS(Maquininha!$D:$D,Maquininha!$B:$B,F7)-D7)>Parâmetros!$B$1,"⚠️ valor diferente","✅"))),IF(C7="Pix",IF(COUNTIFS(Extrato!$A:$A,A7,Extrato!$C:$C,D7)=0,"❌ Pix não achado no extrato","✅"),"—")))
G8: =IF(A8="","",IF(OR(C8="Crédito",C8="Débito"),IF(F8="","⚠️ falta o código de autorização",IF(COUNTIF(Maquininha!$B:$B,F8)=0,"❌ não está na maquininha",IF(ABS(SUMIFS(Maquininha!$D:$D,Maquininha!$B:$B,F8)-D8)>Parâmetros!$B$1,"⚠️ valor diferente","✅"))),IF(C8="Pix",IF(COUNTIFS(Extrato!$A:$A,A8,Extrato!$C:$C,D8)=0,"❌ Pix não achado no extrato","✅"),"—")))
G9: =IF(A9="","",IF(OR(C9="Crédito",C9="Débito"),IF(F9="","⚠️ falta o código de autorização",IF(COUNTIF(Maquininha!$B:$B,F9)=0,"❌ não está na maquininha",IF(ABS(SUMIFS(Maquininha!$D:$D,Maquininha!$B:$B,F9)-D9)>Parâmetros!$B$1,"⚠️ valor diferente","✅"))),IF(C9="Pix",IF(COUNTIFS(Extrato!$A:$A,A9,Extrato!$C:$C,D9)=0,"❌ Pix não achado no extrato","✅"),"—")))
G10: =IF(A10="","",IF(OR(C10="Crédito",C10="Débito"),IF(F10="","⚠️ falta o código de autorização",IF(COUNTIF(Maquininha!$B:$B,F10)=0,"❌ não está na maquininha",IF(ABS(SUMIFS(Maquininha!$D:$D,Maquininha!$B:$B,F10)-D10)>Parâmetros!$B$1,"⚠️ valor diferente","✅"))),IF(C10="Pix",IF(COUNTIFS(Extrato!$A:$A,A10,Extrato!$C:$C,D10)=0,"❌ Pix não achado no extrato","✅"),"—")))
G11: =IF(A11="","",IF(OR(C11="Crédito",C11="Débito"),IF(F11="","⚠️ falta o código de autorização",IF(COUNTIF(Maquininha!$B:$B,F11)=0,"❌ não está na maquininha",IF(ABS(SUMIFS(Maquininha!$D:$D,Maquininha!$B:$B,F11)-D11)>Parâmetros!$B$1,"⚠️ valor diferente","✅"))),IF(C11="Pix",IF(COUNTIFS(Extrato!$A:$A,A11,Extrato!$C:$C,D11)=0,"❌ Pix não achado no extrato","✅"),"—")))
G12: =IF(A12="","",IF(OR(C12="Crédito",C12="Débito"),IF(F12="","⚠️ falta o código de autorização",IF(COUNTIF(Maquininha!$B:$B,F12)=0,"❌ não está na maquininha",IF(ABS(SUMIFS(Maquininha!$D:$D,Maquininha!$B:$B,F12)-D12)>Parâmetros!$B$1,"⚠️ valor diferente","✅"))),IF(C12="Pix",IF(COUNTIFS(Extrato!$A:$A,A12,Extrato!$C:$C,D12)=0,"❌ Pix não achado no extrato","✅"),"—")))
G13: =IF(A13="","",IF(OR(C13="Crédito",C13="Débito"),IF(F13="","⚠️ falta o código de autorização",IF(COUNTIF(Maquininha!$B:$B,F13)=0,"❌ não está na maquininha",IF(ABS(SUMIFS(Maquininha!$D:$D,Maquininha!$B:$B,F13)-D13)>Parâmetros!$B$1,"⚠️ valor diferente","✅"))),IF(C13="Pix",IF(COUNTIFS(Extrato!$A:$A,A13,Extrato!$C:$C,D13)=0,"❌ Pix não achado no extrato","✅"),"—")))
G14: =IF(A14="","",IF(OR(C14="Crédito",C14="Débito"),IF(F14="","⚠️ falta o código de autorização",IF(COUNTIF(Maquininha!$B:$B,F14)=0,"❌ não está na maquininha",IF(ABS(SUMIFS(Maquininha!$D:$D,Maquininha!$B:$B,F14)-D14)>Parâmetros!$B$1,"⚠️ valor diferente","✅"))),IF(C14="Pix",IF(COUNTIFS(Extrato!$A:$A,A14,Extrato!$C:$C,D14)=0,"❌ Pix não achado no extrato","✅"),"—")))
G15: =IF(A15="","",IF(OR(C15="Crédito",C15="Débito"),IF(F15="","⚠️ falta o código de autorização",IF(COUNTIF(Maquininha!$B:$B,F15)=0,"❌ não está na maquininha",IF(ABS(SUMIFS(Maquininha!$D:$D,Maquininha!$B:$B,F15)-D15)>Parâmetros!$B$1,"⚠️ valor diferente","✅"))),IF(C15="Pix",IF(COUNTIFS(Extrato!$A:$A,A15,Extrato!$C:$C,D15)=0,"❌ Pix não achado no extrato","✅"),"—")))
G16: =IF(A16="","",IF(OR(C16="Crédito",C16="Débito"),IF(F16="","⚠️ falta o código de autorização",IF(COUNTIF(Maquininha!$B:$B,F16)=0,"❌ não está na maquininha",IF(ABS(SUMIFS(Maquininha!$D:$D,Maquininha!$B:$B,F16)-D16)>Parâmetros!$B$1,"⚠️ valor diferente","✅"))),IF(C16="Pix",IF(COUNTIFS(Extrato!$A:$A,A16,Extrato!$C:$C,D16)=0,"❌ Pix não achado no extrato","✅"),"—")))
... G301: =IF(A301="","",IF(OR(C301="Crédito",C301="Débito"),IF(F301="","⚠️ falta o código de autorização",IF(COUNTIF(Maquininha!$B:$B,F301)=0,"❌ não está na maquininha",IF(ABS(SUMIFS(Maquininha!$D:$D,Maquininha!$B:$B,F301)-D301)>Parâmetros!$B$1,"⚠️ valor diferente","✅"))),IF(C301="Pix",IF(COUNTIFS(Extrato!$A:$A,A301,Extrato!$C:$C,D301)=0,"❌ Pix não achado no extrato","✅"),"—")))

Sheet Maquininha
A1: Data da venda | B1: Código de autorização | C1: Bandeira e tipo | D1: Valor bruto | E1: Taxa cobrada (R$) | F1: Valor líquido | G1: Data prevista de crédito | H1: Taxa % | I1: Taxa contratada % | J1: Taxa (automática) | K1: Venda no caixa? (automática) | L1: Observação
A2: 46268 | B2: 845120 | C2: Visa crédito | D2: 250 | E2: =IF(D2="","",D2-F2) -> 7.87 | F2: 242.13 | G2: 46269 | H2: =IF(D2="","",IF(D2=0,0,E2/D2)) -> 0.03148 | I2: =IF(D2="","",IFERROR(INDEX(Parâmetros!$B$4:$B$20,MATCH(C2,Parâmetros!$A$4:$A$20,0)),"sem taxa cadastrada")) -> 0.0315 | J2: =IF(D2="","",IF(ISTEXT(I2),"⚠️ cadastrar taxa",IF(H2>I2+Parâmetros!$B$2,"⚠️ taxa acima do contrato","✅"))) -> ✅ | K2: =IF(B2="","",IF(COUNTIF(Vendas!$F:$F,B2)=0,"❌ não lançada no caixa","✅")) -> ✅ | L2: modelo: apague esta linha
E3: =IF(D3="","",D3-F3) | H3: =IF(D3="","",IF(D3=0,0,E3/D3)) | I3: =IF(D3="","",IFERROR(INDEX(Parâmetros!$B$4:$B$20,MATCH(C3,Parâmetros!$A$4:$A$20,0)),"sem taxa cadastrada")) | J3: =IF(D3="","",IF(ISTEXT(I3),"⚠️ cadastrar taxa",IF(H3>I3+Parâmetros!$B$2,"⚠️ taxa acima do contrato","✅"))) | K3: =IF(B3="","",IF(COUNTIF(Vendas!$F:$F,B3)=0,"❌ não lançada no caixa","✅"))
E4: =IF(D4="","",D4-F4) | H4: =IF(D4="","",IF(D4=0,0,E4/D4)) | I4: =IF(D4="","",IFERROR(INDEX(Parâmetros!$B$4:$B$20,MATCH(C4,Parâmetros!$A$4:$A$20,0)),"sem taxa cadastrada")) | J4: =IF(D4="","",IF(ISTEXT(I4),"⚠️ cadastrar taxa",IF(H4>I4+Parâmetros!$B$2,"⚠️ taxa acima do contrato","✅"))) | K4: =IF(B4="","",IF(COUNTIF(Vendas!$F:$F,B4)=0,"❌ não lançada no caixa","✅"))
E5: =IF(D5="","",D5-F5) | H5: =IF(D5="","",IF(D5=0,0,E5/D5)) | I5: =IF(D5="","",IFERROR(INDEX(Parâmetros!$B$4:$B$20,MATCH(C5,Parâmetros!$A$4:$A$20,0)),"sem taxa cadastrada")) | J5: =IF(D5="","",IF(ISTEXT(I5),"⚠️ cadastrar taxa",IF(H5>I5+Parâmetros!$B$2,"⚠️ taxa acima do contrato","✅"))) | K5: =IF(B5="","",IF(COUNTIF(Vendas!$F:$F,B5)=0,"❌ não lançada no caixa","✅"))
E6: =IF(D6="","",D6-F6) | H6: =IF(D6="","",IF(D6=0,0,E6/D6)) | I6: =IF(D6="","",IFERROR(INDEX(Parâmetros!$B$4:$B$20,MATCH(C6,Parâmetros!$A$4:$A$20,0)),"sem taxa cadastrada")) | J6: =IF(D6="","",IF(ISTEXT(I6),"⚠️ cadastrar taxa",IF(H6>I6+Parâmetros!$B$2,"⚠️ taxa acima do contrato","✅"))) | K6: =IF(B6="","",IF(COUNTIF(Vendas!$F:$F,B6)=0,"❌ não lançada no caixa","✅"))
E7: =IF(D7="","",D7-F7) | H7: =IF(D7="","",IF(D7=0,0,E7/D7)) | I7: =IF(D7="","",IFERROR(INDEX(Parâmetros!$B$4:$B$20,MATCH(C7,Parâmetros!$A$4:$A$20,0)),"sem taxa cadastrada")) | J7: =IF(D7="","",IF(ISTEXT(I7),"⚠️ cadastrar taxa",IF(H7>I7+Parâmetros!$B$2,"⚠️ taxa acima do contrato","✅"))) | K7: =IF(B7="","",IF(COUNTIF(Vendas!$F:$F,B7)=0,"❌ não lançada no caixa","✅"))
E8: =IF(D8="","",D8-F8) | H8: =IF(D8="","",IF(D8=0,0,E8/D8)) | I8: =IF(D8="","",IFERROR(INDEX(Parâmetros!$B$4:$B$20,MATCH(C8,Parâmetros!$A$4:$A$20,0)),"sem taxa cadastrada")) | J8: =IF(D8="","",IF(ISTEXT(I8),"⚠️ cadastrar taxa",IF(H8>I8+Parâmetros!$B$2,"⚠️ taxa acima do contrato","✅"))) | K8: =IF(B8="","",IF(COUNTIF(Vendas!$F:$F,B8)=0,"❌ não lançada no caixa","✅"))
E9: =IF(D9="","",D9-F9) | H9: =IF(D9="","",IF(D9=0,0,E9/D9)) | I9: =IF(D9="","",IFERROR(INDEX(Parâmetros!$B$4:$B$20,MATCH(C9,Parâmetros!$A$4:$A$20,0)),"sem taxa cadastrada")) | J9: =IF(D9="","",IF(ISTEXT(I9),"⚠️ cadastrar taxa",IF(H9>I9+Parâmetros!$B$2,"⚠️ taxa acima do contrato","✅"))) | K9: =IF(B9="","",IF(COUNTIF(Vendas!$F:$F,B9)=0,"❌ não lançada no caixa","✅"))
E10: =IF(D10="","",D10-F10) | H10: =IF(D10="","",IF(D10=0,0,E10/D10)) | I10: =IF(D10="","",IFERROR(INDEX(Parâmetros!$B$4:$B$20,MATCH(C10,Parâmetros!$A$4:$A$20,0)),"sem taxa cadastrada")) | J10: =IF(D10="","",IF(ISTEXT(I10),"⚠️ cadastrar taxa",IF(H10>I10+Parâmetros!$B$2,"⚠️ taxa acima do contrato","✅"))) | K10: =IF(B10="","",IF(COUNTIF(Vendas!$F:$F,B10)=0,"❌ não lançada no caixa","✅"))
E11: =IF(D11="","",D11-F11) | H11: =IF(D11="","",IF(D11=0,0,E11/D11)) | I11: =IF(D11="","",IFERROR(INDEX(Parâmetros!$B$4:$B$20,MATCH(C11,Parâmetros!$A$4:$A$20,0)),"sem taxa cadastrada")) | J11: =IF(D11="","",IF(ISTEXT(I11),"⚠️ cadastrar taxa",IF(H11>I11+Parâmetros!$B$2,"⚠️ taxa acima do contrato","✅"))) | K11: =IF(B11="","",IF(COUNTIF(Vendas!$F:$F,B11)=0,"❌ não lançada no caixa","✅"))
E12: =IF(D12="","",D12-F12) | H12: =IF(D12="","",IF(D12=0,0,E12/D12)) | I12: =IF(D12="","",IFERROR(INDEX(Parâmetros!$B$4:$B$20,MATCH(C12,Parâmetros!$A$4:$A$20,0)),"sem taxa cadastrada")) | J12: =IF(D12="","",IF(ISTEXT(I12),"⚠️ cadastrar taxa",IF(H12>I12+Parâmetros!$B$2,"⚠️ taxa acima do contrato","✅"))) | K12: =IF(B12="","",IF(COUNTIF(Vendas!$F:$F,B12)=0,"❌ não lançada no caixa","✅"))
E13: =IF(D13="","",D13-F13) | H13: =IF(D13="","",IF(D13=0,0,E13/D13)) | I13: =IF(D13="","",IFERROR(INDEX(Parâmetros!$B$4:$B$20,MATCH(C13,Parâmetros!$A$4:$A$20,0)),"sem taxa cadastrada")) | J13: =IF(D13="","",IF(ISTEXT(I13),"⚠️ cadastrar taxa",IF(H13>I13+Parâmetros!$B$2,"⚠️ taxa acima do contrato","✅"))) | K13: =IF(B13="","",IF(COUNTIF(Vendas!$F:$F,B13)=0,"❌ não lançada no caixa","✅"))
E14: =IF(D14="","",D14-F14) | H14: =IF(D14="","",IF(D14=0,0,E14/D14)) | I14: =IF(D14="","",IFERROR(INDEX(Parâmetros!$B$4:$B$20,MATCH(C14,Parâmetros!$A$4:$A$20,0)),"sem taxa cadastrada")) | J14: =IF(D14="","",IF(ISTEXT(I14),"⚠️ cadastrar taxa",IF(H14>I14+Parâmetros!$B$2,"⚠️ taxa acima do contrato","✅"))) | K14: =IF(B14="","",IF(COUNTIF(Vendas!$F:$F,B14)=0,"❌ não lançada no caixa","✅"))
... E301: =IF(D301="","",D301-F301) | H301: =IF(D301="","",IF(D301=0,0,E301/D301)) | I301: =IF(D301="","",IFERROR(INDEX(Parâmetros!$B$4:$B$20,MATCH(C301,Parâmetros!$A$4:$A$20,0)),"sem taxa cadastrada")) | J301: =IF(D301="","",IF(ISTEXT(I301),"⚠️ cadastrar taxa",IF(H301>I301+Parâmetros!$B$2,"⚠️ taxa acima do contrato","✅"))) | K301: =IF(B301="","",IF(COUNTIF(Vendas!$F:$F,B301)=0,"❌ não lançada no caixa","✅"))

Sheet Extrato
A1: Data | B1: Histórico (como vem do banco) | C1: Valor (entrada +, saída −) | D1: Observação
A2: 46268 | B2: PIX RECEBIDO | C2: 120 | D2: modelo: apague esta linha
A3: 46269 | B3: CRED MAQUININHA | C3: 242.13 | D3: modelo: apague esta linha

Sheet Crédito por dia
A1: Data de crédito | B1: Esperado (maquininha) | C1: Caiu no extrato | D1: Diferença | E1: Status | G1: Digite em A2 o primeiro dia do mês; as outras datas se preenchem sozinhas.
A2: 46266 | B2: =IF(A2="","",SUMIFS(Maquininha!$F:$F,Maquininha!$G:$G,A2)) -> 0 | C2: =IF(A2="","",SUMIFS(Extrato!$C:$C,Extrato!$A:$A,A2,Extrato!$B:$B,"*"&Parâmetros!$B$3&"*")) -> 0 | D2: =IF(A2="","",C2-B2) -> 0 | E2: =IF(A2="","",IF(AND(B2=0,C2=0),"—",IF(ABS(D2)<=Parâmetros!$B$1,"✅",IF(D2<0,"❌ caiu menos que o previsto","⚠️ caiu mais (antecipação? outro dia?)")))) -> —
A3: =IF(A2="","",IF(MONTH(A2+1)<>MONTH($A$2),"",A2+1)) -> 46328 | B3: =IF(A3="","",SUMIFS(Maquininha!$F:$F,Maquininha!$G:$G,A3)) -> 0 | C3: =IF(A3="","",SUMIFS(Extrato!$C:$C,Extrato!$A:$A,A3,Extrato!$B:$B,"*"&Parâmetros!$B$3&"*")) -> 0 | D3: =IF(A3="","",C3-B3) -> 0 | E3: =IF(A3="","",IF(AND(B3=0,C3=0),"—",IF(ABS(D3)<=Parâmetros!$B$1,"✅",IF(D3<0,"❌ caiu menos que o previsto","⚠️ caiu mais (antecipação? outro dia?)")))) -> —
A4: =IF(A3="","",IF(MONTH(A3+1)<>MONTH($A$2),"",A3+1)) -> 46329 | B4: =IF(A4="","",SUMIFS(Maquininha!$F:$F,Maquininha!$G:$G,A4)) -> 0 | C4: =IF(A4="","",SUMIFS(Extrato!$C:$C,Extrato!$A:$A,A4,Extrato!$B:$B,"*"&Parâmetros!$B$3&"*")) -> 0 | D4: =IF(A4="","",C4-B4) -> 0 | E4: =IF(A4="","",IF(AND(B4=0,C4=0),"—",IF(ABS(D4)<=Parâmetros!$B$1,"✅",IF(D4<0,"❌ caiu menos que o previsto","⚠️ caiu mais (antecipação? outro dia?)")))) -> —
A5: =IF(A4="","",IF(MONTH(A4+1)<>MONTH($A$2),"",A4+1)) -> 46330 | B5: =IF(A5="","",SUMIFS(Maquininha!$F:$F,Maquininha!$G:$G,A5)) -> 242.13 | C5: =IF(A5="","",SUMIFS(Extrato!$C:$C,Extrato!$A:$A,A5,Extrato!$B:$B,"*"&Parâmetros!$B$3&"*")) -> 242.13 | D5: =IF(A5="","",C5-B5) -> 0 | E5: =IF(A5="","",IF(AND(B5=0,C5=0),"—",IF(ABS(D5)<=Parâmetros!$B$1,"✅",IF(D5<0,"❌ caiu menos que o previsto","⚠️ caiu mais (antecipação? outro dia?)")))) -> ✅
A6: =IF(A5="","",IF(MONTH(A5+1)<>MONTH($A$2),"",A5+1)) -> 46331 | B6: =IF(A6="","",SUMIFS(Maquininha!$F:$F,Maquininha!$G:$G,A6)) -> 0 | C6: =IF(A6="","",SUMIFS(Extrato!$C:$C,Extrato!$A:$A,A6,Extrato!$B:$B,"*"&Parâmetros!$B$3&"*")) -> 0 | D6: =IF(A6="","",C6-B6) -> 0 | E6: =IF(A6="","",IF(AND(B6=0,C6=0),"—",IF(ABS(D6)<=Parâmetros!$B$1,"✅",IF(D6<0,"❌ caiu menos que o previsto","⚠️ caiu mais (antecipação? outro dia?)")))) -> —
A7: =IF(A6="","",IF(MONTH(A6+1)<>MONTH($A$2),"",A6+1)) -> 46332 | B7: =IF(A7="","",SUMIFS(Maquininha!$F:$F,Maquininha!$G:$G,A7)) -> 0 | C7: =IF(A7="","",SUMIFS(Extrato!$C:$C,Extrato!$A:$A,A7,Extrato!$B:$B,"*"&Parâmetros!$B$3&"*")) -> 0 | D7: =IF(A7="","",C7-B7) -> 0 | E7: =IF(A7="","",IF(AND(B7=0,C7=0),"—",IF(ABS(D7)<=Parâmetros!$B$1,"✅",IF(D7<0,"❌ caiu menos que o previsto","⚠️ caiu mais (antecipação? outro dia?)")))) -> —
A8: =IF(A7="","",IF(MONTH(A7+1)<>MONTH($A$2),"",A7+1)) -> 46333 | B8: =IF(A8="","",SUMIFS(Maquininha!$F:$F,Maquininha!$G:$G,A8)) -> 0 | C8: =IF(A8="","",SUMIFS(Extrato!$C:$C,Extrato!$A:$A,A8,Extrato!$B:$B,"*"&Parâmetros!$B$3&"*")) -> 0 | D8: =IF(A8="","",C8-B8) -> 0 | E8: =IF(A8="","",IF(AND(B8=0,C8=0),"—",IF(ABS(D8)<=Parâmetros!$B$1,"✅",IF(D8<0,"❌ caiu menos que o previsto","⚠️ caiu mais (antecipação? outro dia?)")))) -> —
A9: =IF(A8="","",IF(MONTH(A8+1)<>MONTH($A$2),"",A8+1)) -> 46334 | B9: =IF(A9="","",SUMIFS(Maquininha!$F:$F,Maquininha!$G:$G,A9)) -> 0 | C9: =IF(A9="","",SUMIFS(Extrato!$C:$C,Extrato!$A:$A,A9,Extrato!$B:$B,"*"&Parâmetros!$B$3&"*")) -> 0 | D9: =IF(A9="","",C9-B9) -> 0 | E9: =IF(A9="","",IF(AND(B9=0,C9=0),"—",IF(ABS(D9)<=Parâmetros!$B$1,"✅",IF(D9<0,"❌ caiu menos que o previsto","⚠️ caiu mais (antecipação? outro dia?)")))) -> —
A10: =IF(A9="","",IF(MONTH(A9+1)<>MONTH($A$2),"",A9+1)) -> 46335 | B10: =IF(A10="","",SUMIFS(Maquininha!$F:$F,Maquininha!$G:$G,A10)) -> 0 | C10: =IF(A10="","",SUMIFS(Extrato!$C:$C,Extrato!$A:$A,A10,Extrato!$B:$B,"*"&Parâmetros!$B$3&"*")) -> 0 | D10: =IF(A10="","",C10-B10) -> 0 | E10: =IF(A10="","",IF(AND(B10=0,C10=0),"—",IF(ABS(D10)<=Parâmetros!$B$1,"✅",IF(D10<0,"❌ caiu menos que o previsto","⚠️ caiu mais (antecipação? outro dia?)")))) -> —
A11: =IF(A10="","",IF(MONTH(A10+1)<>MONTH($A$2),"",A10+1)) -> 46336 | B11: =IF(A11="","",SUMIFS(Maquininha!$F:$F,Maquininha!$G:$G,A11)) -> 0 | C11: =IF(A11="","",SUMIFS(Extrato!$C:$C,Extrato!$A:$A,A11,Extrato!$B:$B,"*"&Parâmetros!$B$3&"*")) -> 0 | D11: =IF(A11="","",C11-B11) -> 0 | E11: =IF(A11="","",IF(AND(B11=0,C11=0),"—",IF(ABS(D11)<=Parâmetros!$B$1,"✅",IF(D11<0,"❌ caiu menos que o previsto","⚠️ caiu mais (antecipação? outro dia?)")))) -> —
A12: =IF(A11="","",IF(MONTH(A11+1)<>MONTH($A$2),"",A11+1)) -> 46337 | B12: =IF(A12="","",SUMIFS(Maquininha!$F:$F,Maquininha!$G:$G,A12)) -> 0 | C12: =IF(A12="","",SUMIFS(Extrato!$C:$C,Extrato!$A:$A,A12,Extrato!$B:$B,"*"&Parâmetros!$B$3&"*")) -> 0 | D12: =IF(A12="","",C12-B12) -> 0 | E12: =IF(A12="","",IF(AND(B12=0,C12=0),"—",IF(ABS(D12)<=Parâmetros!$B$1,"✅",IF(D12<0,"❌ caiu menos que o previsto","⚠️ caiu mais (antecipação? outro dia?)")))) -> —
A13: =IF(A12="","",IF(MONTH(A12+1)<>MONTH($A$2),"",A12+1)) -> 46338 | B13: =IF(A13="","",SUMIFS(Maquininha!$F:$F,Maquininha!$G:$G,A13)) -> 0 | C13: =IF(A13="","",SUMIFS(Extrato!$C:$C,Extrato!$A:$A,A13,Extrato!$B:$B,"*"&Parâmetros!$B$3&"*")) -> 0 | D13: =IF(A13="","",C13-B13) -> 0 | E13: =IF(A13="","",IF(AND(B13=0,C13=0),"—",IF(ABS(D13)<=Parâmetros!$B$1,"✅",IF(D13<0,"❌ caiu menos que o previsto","⚠️ caiu mais (antecipação? outro dia?)")))) -> —
A14: =IF(A13="","",IF(MONTH(A13+1)<>MONTH($A$2),"",A13+1)) -> 46339 | B14: =IF(A14="","",SUMIFS(Maquininha!$F:$F,Maquininha!$G:$G,A14)) -> 0 | C14: =IF(A14="","",SUMIFS(Extrato!$C:$C,Extrato!$A:$A,A14,Extrato!$B:$B,"*"&Parâmetros!$B$3&"*")) -> 0 | D14: =IF(A14="","",C14-B14) -> 0 | E14: =IF(A14="","",IF(AND(B14=0,C14=0),"—",IF(ABS(D14)<=Parâmetros!$B$1,"✅",IF(D14<0,"❌ caiu menos que o previsto","⚠️ caiu mais (antecipação? outro dia?)")))) -> —
... A32: =IF(A31="","",IF(MONTH(A31+1)<>MONTH($A$2),"",A31+1)) | B32: =IF(A32="","",SUMIFS(Maquininha!$F:$F,Maquininha!$G:$G,A32)) | C32: =IF(A32="","",SUMIFS(Extrato!$C:$C,Extrato!$A:$A,A32,Extrato!$B:$B,"*"&Parâmetros!$B$3&"*")) | D32: =IF(A32="","",C32-B32) | E32: =IF(A32="","",IF(AND(B32=0,C32=0),"—",IF(ABS(D32)<=Parâmetros!$B$1,"✅",IF(D32<0,"❌ caiu menos que o previsto","⚠️ caiu mais (antecipação? outro dia?)"))))

Sheet Lucro × caixa
A1: Lucro do mês | C1: do seu DRE ou do contador
A2: A receber no fim do mês | C2: vendas a prazo ainda não recebidas
A3: A receber no começo do mês | C3: o mesmo número do mês anterior
A4: Estoque no fim do mês (a custo) | C4: do sistema ou da contagem
A5: Estoque no começo do mês | C5: o mesmo número do mês anterior
A6: Retiradas do dono no mês | C6: do extrato
A7: Pró-labore combinado | C7: valor fixo
A8: Caixa que devia ter sobrado | B8: =B1-(B2-B3)-(B4-B5)-MAX(0,B6-B7) -> 0 | C8: calcula sozinho
A9: Saldo do banco no começo do mês | C9: do extrato
A10: Saldo do banco no fim do mês | C10: do extrato
A11: Caixa que sobrou de verdade | B11: =B10-B9 -> 0 | C11: calcula sozinho
A12: Diferença | B12: =B11-B8 -> 0 | C12: calcula sozinho
A13: Status | B13: =IF(OR(B1="",B10=""),"preencha as células em areia",IF(ABS(B12)<=Parâmetros!$B$1,"✅ bate","⚠️ não bate: veja Vendas, Maquininha, Extrato e Crédito por dia")) -> preencha as células em areia | C13: calcula sozinho
A15: O que essa conta não pega (anote ao lado se aconteceu no mês):
A16: O que você ficou devendo a fornecedor (aumenta o caixa)
A17: Parcela de empréstimo
A18: Compra de máquina ou equipamento
A19: Imposto pago de mês anterior
A21: A conta de lucro × caixa é a conta rápida do fim do mês. Não substitui o contador.

Sheet Parâmetros
A1: Tolerância de arredondamento (R$) | B1: 0.05 | C1: diferença em R$ que você aceita como arredondamento
A2: Tolerância da taxa (pontos percentuais) | B2: 0.001 | C2: 0,10% = aceita até 0,10 ponto acima da taxa contratada
A3: Nome da maquininha no histórico do extrato | B3: MAQUININHA | C3: troque pelo nome que aparece no seu extrato nos depósitos da maquininha
A4: Visa crédito | B4: 0.0315 | C4: ← Tabela de taxas contratadas (A4:B20): bandeira e tipo · taxa %. Escreva igual ao relatório da maquininha.
A5: Visa débito | B5: 0.0137 | C5: as taxas acima são modelo: troque pelas do seu contrato
A6: Master crédito | B6: 0.0315
